 Dungeon Crawl Stone Soup version 0.31.0-32-g396128a36d (webtiles) character file.

Game seed: 17726025715403888828

77434 AdnanSaban the Bludgeoner (level 15, -5/99 HPs)
             Began as a Gargoyle Fighter on Apr 15, 2024.
             Was the Champion of Okawaru.
             Slain by a torpor snail (14 damage)
             ... on level 1 of the Spider Nest.
             The game lasted 00:44:47 (24061 turns).

AdnanSaban the Bludgeoner (Gargoyle Fighter)       Turns: 24061, Time: 00:44:48

Health: -5/99      AC: 41    Str: 28    XL:     15   Next: 56%
Magic:  0/18       EV:  7    Int: 11    God:    Okawaru [******]
Gold:   1558       SH:  0    Dex:  7    Spells: 14/14 levels left

rFire   + + .        h - +10 demon whip "Lowenkiu" {flame, rPois rF+}
rCold   + + .        S - +1 tower shield {rC+}
rNeg    + . .        N - +1 plate armour {rC+}
rPois   ∞            W - +2 helmet "Tinkup" {Rampage Str+3 Dex-2 Stlth+}
rElec   +            U - +1 cloak {Will+}
rCorr   .            O - +2 pair of gloves
SInv    .            H - +2 pair of boots
Will    +++..        I - amulet of guardian spirit Stlth
                     b - ring of willpower
HPRegen 0.36/turn    V - ring of protection from fire
MPRegen 0.16/turn

%: guardian spirit, rampage
@: confused, flying, slowed, very slow
A: sickness immunity, AC +11, big wings, negative energy resistance 1,
electricity resistance, torment resistance 1, petrification resistance
a: Renounce Religion, Heroism, Finesse, Duel, Receive Weapon


You were on level 1 of the Spider Nest.
You worshipped Okawaru.
Okawaru was exalted by your worship.
You visited 4 branches of the dungeon, and saw 20 of its levels.
You also visited: Gauntlet and Ice Cave.

You collected 1558 gold pieces.

Inventory:

Hand Weapons
 h - the +10 demon whip "Lowenkiu" (weapon) {flame, rPois rF+}
   (You found it in a Gauntlet)

   rF+:       It protects you from fire.
   rPois:     It protects you from poison
Missiles
 a - 25 poisoned darts (quivered)
 e - a throwing net
 j - 8 darts of dispersal
 p - 7 javelins
 t - a curare-tipped dart
 x - 8 boomerangs
 G - 11 atropa-tipped darts
 Q - 9 silver javelins
Armour
 H - a +2 pair of boots (worn)
 N - a +1 plate armour of cold resistance (worn)
 O - a +2 pair of gloves (worn)
 S - a +1 tower shield of cold resistance (worn)
 U - a +1 cloak of willpower (worn)
 W - the +2 helmet "Tinkup" (worn) {Rampage Str+3 Dex-2 Stlth+}
   (Okawaru gifted it to you on level 10 of the Dungeon)

   Str+3:     It affects your strength (+3).
   Dex-2:     It affects your dexterity (-2).
   Rampage:   It bestows one free step when moving towards enemies.
   Stlth+:    It makes you more stealthy.
Jewellery
 b - a ring of willpower (left hand)
 c - a ring of protection from cold
 I - an amulet of guardian spirit (around neck)
 V - a ring of protection from fire (right hand)
Wands
 n - a wand of digging (17)
 q - a wand of mindburst (14)
 J - a wand of quicksilver (8)
 M - a wand of iceblast (9)
Scrolls
 f - 7 scrolls of teleportation {unknown}
 g - 5 scrolls of enchant weapon {unknown}
 i - 5 scrolls of blinking
 k - a scroll of revelation
 l - 7 scrolls of amnesia
 s - 9 scrolls of identify
 u - a scroll of immolation {unknown}
 w - 2 scrolls of torment {unknown}
 y - 2 scrolls of enchant armour {unknown}
 z - 2 scrolls of brand weapon {unknown}
 A - 2 scrolls of fear
 D - a scroll of summoning {unknown}
 E - a scroll of silence {unknown}
 P - 3 scrolls of fog {unknown}
 X - a scroll of poison
Potions
 d - 7 potions of might
 m - 4 potions of haste {unknown}
 o - 5 potions of curing {unknown}
 r - 4 potions of brilliance {unknown}
 v - a potion of enlightenment {unknown}
 B - 3 potions of magic {unknown}
 C - 4 potions of heal wounds {unknown}
 F - a potion of berserk rage {unknown}
 K - a potion of mutation {unknown}
 L - 6 potions of lignification {unknown}
 R - a potion of attraction {unknown}
 Y - a potion of cancellation {unknown}
 Z - 2 potions of degeneration {unknown}
Miscellaneous
 T - a phial of floods


   Skills:
 + Level 13.2 Fighting
 + Level 16.5 Maces & Flails
 + Level 3.6 Throwing
 + Level 13.5 Armour
 + Level 3.0 Dodging
 + Level 2.8 Stealth
 + Level 13.4 Shields
 + Level 5.3 Invocations


You had 14 spell levels left.
You didn't know any spells.
Your spell library contained the following spells:

 Spells                   Type           Power      Damage    Failure   Level
 Apportation              Tloc           0%         N/A       99%         1
 Kiss of Death            Conj/Necr      0%         2d5       99%         1
 Necrotise                Necr           0%         1d4       99%         1
 Sandblast                Erth           0%         2d4       99%         1
 Sting                    Conj/Alch      0%         1d3       99%         1
 Blink                    Tloc           0%         N/A       100%        2
 Ensorcelled Hibernation  Hex/Ice        0%         N/A       100%        2
 Lesser Beckoning         Tloc           0%         N/A       100%        2
 Momentum Strike          Conj/Tloc      0%         3d8       100%        2
 Confusing Touch          Hex            0%         N/A       100%        3
 Dazzling Flash           Conj/Hex       0%         N/A       100%        3
 Fugue of the Fallen      Necr           0%         N/A       100%        3
 Mephitic Cloud           Conj/Alch/Air  0%         N/A       100%        3
 Passwall                 Erth           0%         N/A       100%        3
 Sigil of Binding         Hex            0%         N/A       100%        3
 Stone Arrow              Conj/Erth      0%         3d7       100%        3
 Swiftness                Air            0%         N/A       100%        3
 Anguish                  Hex/Necr       0%         N/A       100%        4
 Brom's Barrelling Bould  Conj/Erth      0%         2d3       100%        4
 Dimensional Bullseye     Hex/Tloc       0%         N/A       100%        4
 Dispel Undead            Necr           0%         3d6       100%        4
 Ignite Poison            Fire/Alch      0%         N/A       100%        4
 Manifold Assault         Tloc           0%         N/A       100%        4
 Sticky Flame             Fire/Alch      0%         2d4       100%        4
 Borgnjor's Vile Clutch   Necr/Erth      0%         N/A       100%        5
 Curse of Agony           Necr           0%         N/A       100%        5
 Freezing Cloud           Conj/Ice/Air   0%         6-21      100%        5
 Silence                  Hex/Air        0%         N/A       100%        5
 Dispersal                Tloc           0%         N/A       100%        6
 Disjunction              Tloc           0%         N/A       100%        8
 Ignition                 Fire           0%         3d3       100%        8
 Summon Small Mammal      Summ           Unusable   N/A       N/A         1
 Cigotuvi's Dreadful Rot  Necr/Alch/Air  Unusable   N/A       N/A         2
 Call Canine Familiar     Summ           Unusable   N/A       N/A         3
 Animate Dead             Necr           Unusable   N/A       N/A         4
 Death Channel            Necr           Unusable   N/A       N/A         6

Dungeon Overview and Level Annotations

Branches:
Dungeon (12/15)            Temple (1/1) D:4            Lair (5/5) D:10
 Shoals (0/4) Lair:2       Spider (2/4) Lair:2        Slime (0/5) Lair:5
    Orc (0/2) D:9           IceCv (visited)         Gauntlet (visited)

Altars:
Ashenzari
Cheibriados
Dithmenos
Elyvilon
Fedhas
Gozag
Hepliaklqana
Kikubaaqudgha
Makhleb
Nemelex Xobeh
Okawaru
Qazlal
Ru
Sif Muna
Trog
Uskayaw
Vehumet
Wu Jian
Xom
Yredelemnul
Zin
The Shining One

Shops:
D:8 ?

Annotations:
D:6 2 transporters
D:7 2 transporters, cfcfcfcfcf's ghost, novice MiEE
D:8 2 transporters, sono's ghost, novice GrFi
Lair:1 exclusion: oklob plant
Lair:5 exclusion: obsidian statue


Innate Abilities, Weirdness & Mutations

You are immune to sickness and miasma.
Your stone body is resilient. (AC +11)
You are immune to poison.
Your large and strong wings let you fly.
You resist negative energy. (rN+)
You are resistant to electric shocks. (rElec)
You are resistant to unholy torment.
You are immune to petrification.


Message History

The wolf spider hits you.
The wolf spider bites you but does no damage.
The torpor snail bites you. The tarantella closely misses you.
Unknown command.
The wolf spider hits you! The wolf spider barely misses you.
The tarantella attacks as it pursues you!
The tarantella touches you but does no damage.
The wolf spider hits you but does no damage.
The wolf spider bites you.
The wolf spider attacks as it pursues you!
The wolf spider hits you.
The wolf spider bites you but does no damage.
The wolf spider hits you but does no damage.
The wolf spider bites you but does no damage.
You bump into the rock wall.
The tarantella touches you!
* * * LOW HITPOINT WARNING * * *
The wolf spider hits you but does no damage.
The wolf spider bites you but does no damage.
The tarantella barely misses you. The wolf spider hits you!
* * * LOW HITPOINT WARNING * * *
The wolf spider bites you but does no damage.
You bump into the rock wall.
You feel less confused. The tarantella barely misses you.
The wolf spider hits you!
* * * LOW HITPOINT WARNING * * *
The wolf spider barely misses you. You block the tarantella's attack. x2
You block the wolf spider's attack. x2
You don't have enough magic at the moment.
You completely miss the wolf spider.
The tarantella touches you but does no damage.
The wolf spider hits you but does no damage.
You block the wolf spider's attack. The tarantella touches you.
You are afflicted by dizzying energies!
You are confused.
You bump into the rock wall.
The wolf spider closely misses you.
The wolf spider bites you but does no damage.
The tarantella closely misses you. The wolf spider barely misses you.
The wolf spider bites you but does no damage.
The torpor snail bites you!
You die...

############ ######
............## #....#
.............#####..^###
......#..#....##.....^.#
..........#............#
...#############.s.....#
.#.^#PP.PPPPPPP#@ss#...#
..#.#..........##w.....#
....#..........##.....##
...^#........P.##......#
.#.^#............>†....#
#...#.............(#...#
....#.......P..#.......#
#...#..........#.......#
....#..........#.......#


You could see a torpor snail, a wolf spider and 2 tarantellas.

Vanquished Creatures
  An emperor scorpion (Spider:1)
  A reaper (IceCv)
  A minotaur (Gauntlet)
  2 dire elephants (Lair:5)
  Josephine (D:12)
  Erolcha (D:10)
  A catoblepas (Lair:4)
  A great orb of eyes (Gauntlet)
  3 hydras
  A two-headed ogre (D:11)
  A radroach (Spider:1)
  A boulder beetle (Lair:5)
  5 death yaks (Lair:3)
  2 demonic crawlers (Spider:1)
  2 spectral dire elephants (Lair:5)
  Urug (D:12)
  2 spectral death yaks (Lair:5)
  Amaemon (Lair:2)
  4 skysharks
  A fire crab (Gauntlet)
  Lodul (D:10)
  A pharaoh ant (Spider:1)
  A spectral anaconda (Lair:5)
  Pikel (D:4)
  2 orb spiders (Spider:2)
  3 necromancers (Lair:5)
  3 ugly things
  3 wolf spiders
  2 cyclopes (D:12)
  3 meliai (Spider:1)
  Maurice (D:12)
  17 elephants
  A merfolk siren (Lair:2)
  2 ice statues (IceCv)
  3 black mambas
  A torpor snail (Spider:1)
  An orange demon (Lair:2)
  Maggie (D:7)
  17 cane toads
  A gargoyle (D:12)
  6 rime drakes
  A dire elephant skeleton (Lair:5)
  An efreet (D:12)
  A kobold demonologist (D:9)
  A freezing wraith (IceCv)
  8 komodo dragons
  5 ice devils (IceCv)
  5 trolls
  3 merfolk (Lair:2)
  A queen bee (Spider:1)
  3 polar bears
  Grinder (D:3)
  5 tarantellas (Spider:1)
  A spectral elephant (Lair:5)
  2 dream sheep (Lair:5)
  8 blink frogs (Lair:1)
  4 culicivoras
  8 jumping spiders (Spider:1)
  2 vampires
  A dire elephant simulacrum (IceCv)
  5 wraiths (D:12)
  10 fire bats
  3 basilisks
  2 fire elementals (Lair:3)
  39 yaks
  3 wyverns
  22 redbacks
  2 death yak simulacra (Lair:5)
  Menkaure (D:4)
  A spectral cane toad (Lair:5)
  A harpy simulacrum (IceCv)
  3 swamp worms (Lair:1)
  An acid dragon (D:8)
  19 water moccasins
  A hydra simulacrum (IceCv)
  2 hell hounds (Gauntlet)
  An ice beast (D:7)
  10 orc warriors
  A sky beast (D:7)
  A black bear (D:5)
  2 elephant zombies (Lair:5)
  10 ogres
  A centaur (D:8)
  4 lemures (D:3)
  A phantom (D:2)
  A kobold brigand (D:7)
  11 bullfrogs
  A two-headed ogre simulacrum (IceCv)
  2 cane toad simulacra
  4 scorpions
  An elephant simulacrum (IceCv)
  14 killer bees
  5 howler monkeys
  4 bombardier beetles
  13 orc priests
  Crazy Yiuf (D:6)
  A sleepcap (D:7)
  2 gnoll boudas
  8 jellies
  5 iguanas
  Ijyb (D:4)
  21 orc wizards
  2 troll simulacra (IceCv)
  A polar bear simulacrum (IceCv)
  A spriggan simulacrum (IceCv)
  2 wolf simulacra (IceCv)
  4 naga simulacra (IceCv)
  10 adders
  8 gnolls
  2 shadow imps (D:6)
  17 white imps
  7 ufetubi
  5 dart slugs
  A ribbon worm (D:3)
  42 orcs
  25 endoplasms
  A giant cockroach (D:1)
  11 goblins
  8 hobgoblins
  6 jackals
  2 quokkas
  8 ball pythons
  7 bats
  6 frilled lizards
  9 kobolds
  4 rats
  2 butterflies (Lair:4)
597 creatures vanquished.

Vanquished Creatures (others)
  An orc wizard (D:11)
1 creature vanquished.

Grand Total: 598 creatures vanquished

Notes
Turn   | Place    | Note
-------+----------+-------------------------------------------
     0 | D:1      | AdnanSaban the Gargoyle Fighter began the quest for the
                  | Orb.
     0 | D:1      | Reached XP level 1. HP: 14/14 MP: 1/1
   121 | D:1      | Reached XP level 2. HP: 16/19 MP: 2/2
   515 | D:1      | Reached XP level 3. HP: 23/23 MP: 3/3
   772 | D:2      | Noticed a phantom
   789 | D:2      | Killed a phantom
   790 | D:2      | Reached skill level 3 in Maces & Flails
   790 | D:2      | Reached XP level 4. HP: 12/29 MP: 4/4
  1017 | D:2      | Found a hazy altar of Hepliaklqana.
  1033 | D:2      | Reached XP level 5. HP: 23/33 MP: 5/5
  1075 | D:2      | Found a faded altar of an unknown god.
  1820 | D:3      | Found a glowing golden altar of the Shining One.
  1897 | D:3      | Reached skill level 4 in Maces & Flails
  2186 | D:3      | Reached XP level 6. HP: 38/38 MP: 6/6
  2636 | D:3      | Noticed Grinder
  2657 | D:3      | Paralysed by Grinder for 5 turns
  2666 | D:3      | Paralysed by Grinder for 4 turns
  2674 | D:3      | Killed Grinder
  2675 | D:3      | Reached skill level 5 in Maces & Flails
  2675 | D:3      | Reached skill level 1 in Dodging
  2675 | D:3      | Reached XP level 7. HP: 11/43 MP: 7/7
  2996 | D:4      | Noticed Pikel
  3075 | D:3      | HP: 2/43 [lemure[Pikel] (6)]
  3085 | D:3      | HP: 1/43 [lemure[Pikel] (3)]
  3261 | D:4      | Found an iron altar of Okawaru.
  3333 | D:4      | Killed Pikel
  3334 | D:4      | Reached skill level 5 in Fighting
  3334 | D:4      | Reached skill level 6 in Maces & Flails
  3334 | D:4      | Reached skill level 5 in Armour
  3334 | D:4      | Reached skill level 5 in Shields
  3334 | D:4      | Reached XP level 8. HP: 30/49 MP: 8/8
  3494 | D:4      | Found a basalt altar of Yredelemnul.
  3504 | D:4      | Found a sacrificial altar of Ru.
  3566 | D:4      | Became a worshipper of Warmaster Okawaru
  3585 | D:4      | Noticed Ijyb
  3590 | D:4      | Killed Ijyb
  3615 | D:4      | Noticed Menkaure
  3622 | D:4      | Killed Menkaure
  3623 | D:4      | Found a staircase to the Ecumenical Temple.
  3704 | Temple   | Entered the Ecumenical Temple
  4120 | D:5      | Entered Level 5 of the Dungeon
  4455 | D:5      | Reached * piety under Okawaru
  4528 | D:5      | Reached skill level 7 in Maces & Flails
  4765 | D:5      | Reached XP level 9. HP: 55/55 MP: 9/9
  4917 | D:5      | Reached skill level 1 in Throwing
  5246 | D:6      | Found an opulent altar of Gozag.
  5468 | D:6      | Reached skill level 1 in Invocations
  5628 | D:6      | Found a transporter.
  5689 | D:6      | Found a runed translucent door.
  5690 | D:6      | Noticed Crazy Yiuf
  5906 | D:6      | Found a radiant altar of Vehumet.
  5981 | D:6      | Found a transporter.
  6137 | D:6      | Killed Crazy Yiuf
  6148 | D:6      | Identified the +9 hammer of the Tent {holy, ^Fragile rPois
                  | SInv}
  6266 | D:7      | Reached ** piety under Okawaru
  6379 | D:7      | Reached skill level 1 in Stealth
  6600 | D:7      | Noticed Maggie
  6618 | D:7      | Killed Maggie
  6619 | D:7      | Reached skill level 8 in Maces & Flails
  6619 | D:7      | Reached XP level 10. HP: 37/61 MP: 12/12
  6719 | D:7      | Reached *** piety under Okawaru
  6884 | D:7      | Noticed cfcfcfcfcf's ghost (novice MiEE)
  6884 | D:7      | Identified the +7 dire flail "Cias" {holy, rPois rCorr
                  | Str-3 Int+5}
  6888 | D:7      | Found a transporter.
  7284 | D:7      | Found a transporter.
  7495 | D:8      | Found a bloodstained altar of Trog.
  7495 | D:8      | Noticed sono's ghost (novice GrFi)
  7723 | D:8      | Found Pum Cuxi's Magic Scroll Boutique.
  7938 | D:7      | Reached **** piety under Okawaru
  7939 | D:7      | Reached skill level 9 in Maces & Flails
  8356 | D:8      | Noticed a moth of wrath
  8376 | D:8      | Found a transporter.
  8379 | D:8      | Found a transporter.
  8573 | D:9      | Found a transporter.
  8597 | D:9      | Found a staircase to the Orcish Mines.
  9023 | D:9      | Found a transporter.
  9077 | D:9      | Noticed a kobold demonologist
  9112 | D:9      | Killed a kobold demonologist
  9113 | D:9      | Reached skill level 5 in Invocations
  9347 | D:9      | Found a transporter.
  9401 | D:9      | Found a transporter.
  9659 | D:9      | Found a shimmering blue altar of Sif Muna.
  9748 | D:10     | Entered Level 10 of the Dungeon
  9978 | D:10     | Reached XP level 11. HP: 55/67 MP: 14/14
 10026 | D:10     | Found a staircase to the Lair.
 10053 | D:10     | Noticed Lodul
 10451 | D:9      | Reached ***** piety under Okawaru
 10452 | D:9      | Reached skill level 10 in Maces & Flails
 10726 | D:10     | Noticed Erolcha
 10740 | D:10     | Killed Erolcha
 11040 | D:10     | Found a glowing silver altar of Zin.
 11809 | D:11     | Noticed a two-headed ogre
 11889 | D:11     | Killed a two-headed ogre
 12486 | D:12     | Found a frozen archway.
 12536 | IceCv    | Entered an ice cave
 12629 | IceCv    | Reached skill level 11 in Maces & Flails
 12966 | IceCv    | Received a gift from Okawaru
 13545 | IceCv    | Noticed a reaper
 13569 | IceCv    | Killed a reaper
 13570 | IceCv    | Reached skill level 10 in Armour
 13778 | IceCv    | Reached XP level 12. HP: 37/75 MP: 15/15
 14109 | D:12     | Noticed Josephine
 14130 | D:12     | Killed Josephine
 14139 | D:12     | Reached skill level 12 in Maces & Flails
 14432 | D:12     | Noticed Urug
 14451 | D:12     | Killed Urug
 14558 | D:12     | Noticed Maurice
 14568 | D:12     | Killed Maurice
 15330 | D:10     | Killed Lodul
 15517 | Lair:1   | Entered Level 1 of the Lair of Beasts
 15571 | D:10     | Reached ****** piety under Okawaru
 15671 | D:10     | Acquired the +2 helmet "Tinkup" {Rampage Str+3 Dex-2
                  | Stlth+}
 15671 | D:10     | Received a gift from Okawaru
 15710 | D:10     | Reached skill level 13 in Maces & Flails
 15877 | Lair:1   | Received a gift from Okawaru
 15882 | Lair:1   | Reached skill level 10 in Shields
 16098 | Lair:1   | Reached XP level 13. HP: 55/80 MP: 16/16
 16565 | Lair:1   | Reached skill level 10 in Fighting
 16932 | Lair:1   | Reached skill level 14 in Maces & Flails
 17413 | Lair:2   | Found a hole to the Spider Nest.
 17616 | Lair:2   | Received a gift from Okawaru
 17893 | Lair:2   | Noticed Amaemon
 17906 | Lair:2   | Killed Amaemon
 17959 | Lair:2   | Found a staircase to the Shoals.
 18407 | Lair:3   | Found a gate leading to a gauntlet.
 18416 | Gauntlet | Entered a Gauntlet
 18416 | Gauntlet | Found a transporter.
 18425 | Gauntlet | Found a transporter.
 18442 | Gauntlet | Found a transporter.
 18446 | Gauntlet | Found a transporter.
 18467 | Gauntlet | Found a transporter.
 18480 | Gauntlet | Found a transporter.
 18485 | Gauntlet | Noticed a great orb of eyes
 18494 | Gauntlet | Found a transporter.
 18497 | Gauntlet | Noticed a quicksilver ooze
 18523 | Gauntlet | Found a transporter.
 18523 | Gauntlet | Found a transporter.
 18528 | Gauntlet | Found a transporter.
 18556 | Gauntlet | Found a transporter.
 18557 | Gauntlet | Found a transporter.
 18930 | Gauntlet | Killed a great orb of eyes
 18955 | Gauntlet | Identified the +10 demon whip "Lowenkiu" {flame, rPois rF+}
 19022 | Gauntlet | Noticed a minotaur
 19041 | Gauntlet | Killed a minotaur
 19041 | Gauntlet | Received a gift from Okawaru
 19150 | Lair:3   | Reached skill level 15 in Maces & Flails
 19229 | Lair:3   | Gained mutation: Your large and strong wings let you fly.
                  | [Gargoyle growth]
 19229 | Lair:3   | Reached XP level 14. HP: 29/88 MP: 7/17
 20609 | Lair:4   | Received a gift from Okawaru
 21164 | Lair:5   | Entered Level 5 of the Lair of Beasts
 21222 | Lair:5   | Received a gift from Okawaru
 21918 | Lair:5   | Found a staircase to the Slime Pits.
 21960 | Lair:5   | Noticed a dire elephant
 21961 | Lair:5   | Noticed a dire elephant
 21969 | Lair:5   | Received a gift from Okawaru
 22008 | Lair:5   | Reached skill level 16 in Maces & Flails
 22187 | Lair:5   | Reached XP level 15. HP: 97/97 MP: 18/18
 22298 | Lair:5   | Received a gift from Okawaru
 22698 | Spider:1 | Entered Level 1 of the Spider Nest
 22807 | Spider:1 | Noticed an emperor scorpion
 22827 | Spider:1 | Killed an emperor scorpion
 23406 | Spider:1 | Received a gift from Okawaru
 24061 | Spider:1 | Slain by a torpor snail

Illustrated notes

Levels and vault maps discovered:
D:1:      dpeg_arrival_radiant, layout_loops_ring, st_stairs_7,
          minmay_fountain_box, minmay_tromino_v4_a
D:2:      layout_loops_corners, basic_altar, ebering_ecumenical_altar_ruins,
          minmay_strange_pillars
D:3:      kb_forest_paths, layout_basic, mainiacjoe_overflow_chevrons,
          wad_orctagon, uniq_grinder
D:4:      layout_basic, mainiacjoe_overflow_paths,
          chequers_temple_overflow_statue_of_worship,
          minmay_temple_entry_slanted, uniq_ijyb, uniq_pikel, uniq_menkaure
D:5:      layout_loops_corners
D:6:      gammafunk_cloud_chamber, layout_layer_cave, vehumet_crystals,
          grunt_gozag_statues, uniq_crazy_yiuf_cottage
D:7:      layout_loops_cross, gammafunk_ghost_smash, uniq_maggie
D:8:      layout_loops_ring, gammafunk_ghost_wrathful_warriors, serial_shops,
          nicolae_lakefront_shop, minivault_24, abandoned_shop,
          dk_noncrumbling_4, minmay_orc_keep
D:9:      layout_loops_corners, lemuel_coloured_pillars_altar,
          minmay_orc_entry_temple_small, nicolae_transporter_circle
D:10:     layout_gridville, zin_statuary, lair_entry_dummy, nzn_life_drinkers,
          uniq_lodul, uniq_erolcha
D:11:     layout_basic
D:12:     layout_stronghold, portal_ice_cave_entry_imps, kennysheep_minor_cross,
          uniq_urug, uniq_josephine, uniq_maurice
Temple:   minmay_temple_curvy_branch
Lair:1:   lemuel_slime, layout_regular_city, worms_lemuel
Lair:2:   layout_regular_city, elwin_shoals_entry_stream,
          hellmonk_spider_entry_life_and_decay, uniq_amaemon
Lair:3:   cheibrodos_lair_river_kwai, layout_gridlike, gauntlet_entry_generic,
          grunt_megastairs_1
Lair:4:   layout_cave_shapes, lemuel_fruit_fields, infiniplex_staircase_pool,
          grunt_megastairs_3, lemuel_fruit_fields, serial_bayou_shore_b
Lair:5:   due_jungle_book, layout_gridlike, dpeg_slime_entry_corner,
          pdpol_lair_neglected_garden, dreamdust_gnoll_shepherd,
          serial_bayou_shore_a
Spider:1: layout_spider_delve, nicolae_looking_at_the_future
Spider:2: nicolae_spider_obnoxious_hallway, hellmonk_ghost_happy_afterlife

Skill      XL: |  1  2  3  4  5  6  7  8  9 10 11 12 13 14 15 |
---------------+----------------------------------------------+-----
Maces & Flails | 3 4 5 6 7 8 9 11 13 15 16 | 16.5
Shields        | 4 5 6 8 9 10 11 12 13 | 13.4
Armour         | 4 5 6 8 10 11 12 13 | 13.5
Fighting       | 4 5 6 7 8 9 10 12 13 | 13.2
Dodging        | 1 2 3 |  3.0
Throwing       | 1 2 3 |  3.6
Invocations    | 3 5 |  5.3
Stealth        | 1 2 |  2.8

Action                     |  1- 3 |  4- 6 |  7- 9 | 10-12 | 13-15 || total
---------------------------+-------+-------+-------+-------+-------++-------
  Melee: Flail             |   110 |   187 |    91 |       |       ||   388
         Whip              |       |       |   246 |       |       ||   246
         Unarmed           |       |       |     6 |       |       ||     6
         Mace              |       |       |    85 |   636 |       ||   721
         Eveningstar       |       |       |       |   158 |   288 ||   446
         Demon whip        |       |       |       |       |   760 ||   760
  Throw: Dart              |       |       |    16 |    30 |    15 ||    61
         Throwing net      |       |       |     4 |       |       ||     4
         Boomerang         |       |       |       |     4 |    15 ||    19
 Invoke: Heroism           |       |       |       |     6 |     3 ||     9
         Receive Armour    |       |       |       |     1 |       ||     1
    Use: Scroll            |       |       |       |       |     7 ||     7
   Stab: Held in net/web   |       |       |     3 |       |       ||     3
 Armour: Chain mail        |    97 |   139 |   203 |       |       ||   439
         Scale mail        |    24 |       |       |       |       ||    24
         Plate armour      |       |       |   141 |   661 |   803 ||  1605
  Dodge: Dodged            |    65 |    76 |   156 |   251 |   295 ||   843
  Block: Buckler           |    40 |    54 |   125 |   266 |   286 ||   771
         Tower shield      |       |       |       |       |   265 ||   265
